 Dungeon Crawl Stone Soup version 0.25-a0-578-gc91f01c39c (webtiles) character file.

Game seed: 1092612958767941716, levelgen mode: deterministic

10 Forecaster the Magician (level 2, -1/22 HPs)
             Began as a Naga Wizard on Mar 4, 2020.
             Slain by a jackal (2 damage)
             ... on level 1 of the Dungeon.
             The game lasted 00:01:26 (188 turns).

Forecaster the Magician (Naga Wizard)                Turns: 188, Time: 00:01:27

Health: -1/22      AC:  1    Str:  9    XL:     2   Next: 20%
Magic:  1/6        EV: 10    Int: 18    God:
Gold:   6          SH:  0    Dex:  9    Spells: 3/8 levels left

rFire    . . .     SeeInvis +   j - +0 club
rCold    . . .     Gourm    .   (no shield)
rNeg     . . .     Faith    .   a - +0 robe
rPois    +         Spirit   .   b - +0 hat
rElec    .         Reflect  .   (no cloak)
rCorr    .         Harm     .   (no gloves)
MR       .....                  (no barding)
Stlth    ++........             (no amulet)
HPRegen  0.07/turn              (no ring)
MPRegen  0.10/turn              (no ring)

@: very slow
A: large, see invisible, deformed body, poison resistance, slowness 2, slow
metabolism 1, spit poison 1, AC +0
a: Spit Poison


You were on level 1 of the Dungeon.
You were not hungry.

You visited 1 branch of the dungeon, and saw 1 of its levels.

You collected 6 gold pieces.

Inventory:

Hand Weapons
 j - a +0 club (weapon)
Missiles
 l - 23 stones (quivered)
Armour
 a - a +0 robe (worn)
 b - a +0 hat (worn)
Scrolls
 e - a scroll of random uselessness {unknown}
 f - a scroll of amnesia {unknown}
 g - a scroll of immolation {unknown}
 h - a scroll of enchant weapon {unknown}
Potions
 c - a potion of curing {unknown}
 k - a potion of mutation {unknown}
Comestibles
 d - 2 rations
 i - 2 chunks of flesh


   Skills:
 + Level 1.6 Dodging
 + Level 3.0 Stealth
 + Level 3.5 Spellcasting
 + Level 1.0 Conjurations
 + Level 1.0 Summonings
 + Level 1.0 Translocations


You had 3 spell levels left.
You knew the following spells:

 Your Spells              Type           Power        Failure   Level  Hunger
a - Magic Dart            Conj           #...         11%         1    None
b - Call Imp              Summ           #.......     16%         2    ##.....
c - Blink                 Tloc           N/A          16%         2    ##.....

Your spell library contained the following spells:

 Spells                   Type           Power        Failure   Level  Hunger
 Slow                     Hex            #.......     24%         2    ##.....
 Conjure Flame            Conj/Fire      #.......     36%         3    ###....
 Mephitic Cloud           Conj/Pois/Air  #.......     38%         3    ###....


Dungeon Overview and Level Annotations

Branches:
Dungeon (1/15)

Altars:


Innate Abilities, Weirdness & Mutations

You cannot wear boots.
Your serpentine skin is tough. (AC +0)
You have supernaturally acute eyesight. (SInv)
Armour fits poorly on your strangely shaped body.
Your system is resistant to poisons. (rPois)
You cover ground very slowly.
You have a slow metabolism.
You can spit poison.


Message History

The jackal barely misses you. The jackal bites you.
You barely miss the jackal. The jackal barely misses you.
The jackal bites you. x2
The jackal barely misses you.
You barely miss the jackal. The jackal bites you. The jackal barely misses you.
The jackal bites you.
* * * LOW HITPOINT WARNING * * *
The jackal barely misses you.
You closely miss the jackal.
The jackal bites you but does no damage.
The jackal closely misses you. The jackal misses you.
You barely miss the jackal. The jackal bites you.
* * * LOW HITPOINT WARNING * * *
The jackal misses you.
The jackal bites you but does no damage.
The jackal bites you.
* * * LOW HITPOINT WARNING * * *
You barely miss the jackal.
The jackal is moderately wounded.
The jackal closely misses you. The jackal bites you.
You die...

...........#
.).....#..#.#.#.#.##.#
#........(........##.#
........>.#.#.#.#.##.#
...................#.#
..........#.#.#.#..#.#
....†!g............#.#
...%..hh..#.#.#.#..#.#
.......@.............#
..............####..##
....=(...###### #..#
.........# #..#
.........# ####
........## #......##
...####


You could see 2 jackals and a goblin.

Vanquished Creatures
  An ooze (D:1)
  A giant cockroach (D:1)
  2 goblins (D:1)
  A jackal (D:1)
5 creatures vanquished.

Notes
Turn   | Place    | Note
-------+----------+-------------------------------------------
     0 | D:1      | Forecaster the Naga Wizard began the quest for the Orb.
     0 | D:1      | Reached XP level 1. HP: 15/15 MP: 4/4
   142 | D:1      | Reached XP level 2. HP: 9/22 MP: 0/6
   146 | D:1      | Learned a level 2 spell: Call Imp
   149 | D:1      | Learned a level 2 spell: Blink
   187 | D:1      | HP: 1/22 [jackal (2)]
   188 | D:1      | Slain by a jackal

Levels and vault maps discovered:
D:1:      doesnt_arrival_eight_statues, layout_rooms, serial_glass,
          glass_columns_c, glass_columns_c, glass_columns_b, glass_columns_c,
          feat_on_display, minmay_strange_pillars

Action                   || total
-------------------------++-------
Melee: Club              ||     9
 Cast: Magic Dart        ||    13
Armor: Robe              ||     2
Dodge: Dodged            ||     9

Table legend:
 A = Non-vault XP
 B = Vault XP
 C = Vault XP percentage of total XP
 D = Non-vault monster count
 E = Vault monster count
 F = Vault count percentage of total count
                 A         B        C        D         E       F
            +---------+---------+-------+---------+---------+-------
      Total |      15 |       0 |   0.0 |       5 |       0 |   0.0
            +---------+---------+-------+---------+---------+-------
        D:1 |      15 |       0 |   0.0 |       5 |       0 |   0.0
            +---------+---------+-------+---------+---------+-------
